 Dungeon Crawl Stone Soup version 0.19.4-9-g45fd643 (webtiles) character file.

90 Gargoyl the Skirmisher (level 4, 0/41 HPs)
             Began as a Ghoul Abyssal Knight on Feb 22, 2017.
             Was a Follower of Lugonu.
             Slain by an Executioner (10 damage)
             ... on level 1 of the Abyss.
             The game lasted 00:00:40 (96 turns).

Gargoyl the Skirmisher (Ghoul Abyssal Knight)         Turns: 96, Time: 00:00:41

Health: 0/41       AC:  3    Str: 15      XL:     4   Next: 56%
Magic:  3/4        EV: 11    Int:  4 (7)  God:    Lugonu [*.....]
Gold:   0          SH:  0    Dex:  9      Spells: 0 memorised, 3 levels left

rFire  . . .     SeeInvis .     a - +1 hand axe
rCold  + . .     Gourm    .     b - +0 leather armour
rNeg   + + +     Faith    .     (no shield)
rPois  ∞         Spirit   .     (no helmet)
rElec  .         Reflect  .     (no cloak)
rCorr  .         Harm     .     (no gloves)
MR     .....                    (no boots)
Stlth  +.........               (no amulet)
                                (no ring)
                                (no ring)

@: rotting
A: rotting body, claws 1, carnivore 3, cold resistance 1, negative energy
resistance 3, slow regeneration 1, torment resistance, unbreathing
a: Depart the Abyss, Renounce Religion


You were on level 1 of the Abyss.
You worshipped Lugonu.
Lugonu was aware of your devotion.
You were not hungry.

You visited 0 branches of the dungeon, and saw 0 of its levels.
You visited the Abyss 1 time.

Inventory:

Hand Weapons
 a - a +1 hand axe (weapon)
Armour
 b - a +0 leather armour (worn)
Scrolls
 d - a scroll of noise {unknown}
Comestibles
 c - a meat ration


   Skills:
 + Level 4.8 Fighting
 + Level 2.2 Axes
 + Level 2.4 Armour
 + Level 1.0 Dodging
 + Level 2.2 Invocations


You had 3 spell levels left.
You didn't know any spells.

Dungeon Overview and Level Annotations

Branches:
Dungeon (0/15)

Altars:


Innate Abilities, Weirdness & Mutations

Your body is rotting away.
You thrive on raw meat.
You are immune to poison.
You have sharp fingernails.
You are carnivorous and can eat meat at any time.
Your flesh is cold resistant. (rC+)
You are immune to negative energy. (rN+++)
You regenerate slowly when monsters are visible.
You are immune to unholy pain and torment.
You can survive without breathing.


Message History

An ancient zyme comes into view.
The neqoxec gestures at you.
You feel dopey. Something feeds on your intellect!
An Executioner comes into view.
The Executioner gives a hideous shriek!
The Executioner gestures.
The Executioner seems to speed up.
The ancient zyme hits you but does no damage.
The ancient zyme closely misses you. The Executioner hits you!!
Ouch! That really hurt!
The Executioner closely misses you. The Executioner hits you.
The Executioner barely misses you. The Executioner hits you.
* * * LOW HITPOINT WARNING * * *
The Executioner hits you.
* * * LOW HITPOINT WARNING * * *
The neqoxec gestures.
The Executioner hits you!
You die...

...........#. ....
............ ......
........... ......
#..........
......##........#
...........#...##
................#.
.........1@.......
.........x.........
........5...........
..................#.
.. #......##3..#...##
. ##......##........#
... ..................
...........X..........
#. ...................


You could see an Executioner, an ancient zyme, a large abomination, a neqoxec
and a quasit.

Vanquished Creatures
  An eye of draining (Abyss:1)
1 creature vanquished.

Notes
Turn   | Place    | Note
-------+----------+-------------------------------------------
     0 | Abyss:1  | Gargoyl the Ghoul Abyssal Knight began the quest for the Orb.
     0 | Abyss:1  | Reached XP level 1. HP: 19/19 MP: 1/1
    46 | Abyss:1  | Noticed an eye of draining
    64 | Abyss:1  | Killed an eye of draining
    64 | Abyss:1  | Reached skill level 4 in Fighting
    64 | Abyss:1  | Reached skill level 1 in Dodging
    64 | Abyss:1  | Reached XP level 2. HP: 28/28 MP: 0/2
    64 | Abyss:1  | Reached XP level 3. HP: 35/35 MP: 0/3
    64 | Abyss:1  | Reached XP level 4. HP: 41/41 MP: 0/4
    80 | Abyss:1  | Noticed a large abomination
    81 | Abyss:1  | Noticed a neqoxec
    90 | Abyss:1  | Noticed an ancient zyme
    92 | Abyss:1  | Noticed an Executioner
    96 | Abyss:1  | Slain by an Executioner

Skill      XL: |  1 |
---------------+----+-----
Fighting       | 4 |  4.8
Axes           | 2 |  2.2
Armour         | 2 |  2.4
Dodging        | 1 |  1.0
Invocations    | |  2.2

Action                   |  1- 3 |  4- 6 || total
-------------------------+-------+-------++-------
Melee: Hand axe          |    16 |       ||    16
  Use: Scroll            |     1 |       ||     1
Armor: Leather armour    |       |     1 ||     1
Dodge: Dodged            |       |     3 ||     3
